 Dungeon Crawl Stone Soup version 0.31-a0-1549-g5ff9445e89 (webtiles) character file.

Game seed: 5420929761141003013

2737 Persephone the Grappler (level 9, -8/48 HPs)
             Began as a Vine Stalker Fighter on Jan 2, 2024.
             Was a Priest of Okawaru.
             Mangled by a spriggan
             ... wielding a +0 trident
              (12 damage)
             ... in a bailey.
             The game lasted 00:09:48 (5072 turns).

Persephone the Grappler (Vine Stalker Fighter)      Turns: 5072, Time: 00:09:49

Health: -8/48      AC:  7    Str: 30    XL:     9   Next: 67%
Magic:  0/10       EV: 10    Int:  8    God:    Okawaru [***...]
Gold:   261        SH:  5    Dex: 13    Spells: 8/8 levels left

rFire   . .          .
                       - Unarmed
rCold   + . .        b - +0 buckler
rNeg    . . .        i - +0 acid dragon scales
rPois   .            (no helmet)
rElec   .            (no cloak)
rCorr   +            (no gloves)
SInv    .            (no boots)
Will    +....        (no amulet)
Stlth   +            k - +6 ring of strength
HPRegen 1.08/turn    e - ring of protection from cold
MPRegen 0.12/turn

%: guardian spirit
@: no status effects
A: fangs 3, regeneration 1, magic shield, antimagic bite, no potion heal 2
a: Renounce Religion, Heroism


You were in a bailey.
You worshipped Okawaru.
Okawaru was most pleased with you.
You visited 1 branch of the dungeon, and saw 7 of its levels.
You also visited: Bailey.

You collected 261 gold pieces.

Inventory:

Missiles
 r - 3 javelins
Armour
 b - a +0 buckler (worn)
 i - +0 acid dragon scales (worn)
Jewellery
 e - a ring of protection from cold (right hand)
 k - a +6 ring of strength (left hand)
Scrolls
 c - a scroll of revelation
 g - a scroll of acquirement {unknown}
 h - a scroll of noise
 l - 3 scrolls of fear {unknown}
 m - a scroll of poison {unknown}
 o - a scroll of torment {unknown}
 p - 2 scrolls of teleportation {unknown}
 t - a scroll of identify
Potions
 a - a potion of mutation {unknown}
 d - 3 potions of degeneration {unknown}
 f - 3 potions of curing {unknown}
 j - a potion of enlightenment {unknown}
 n - 2 potions of resistance {unknown}
 q - a potion of cancellation {unknown}
 s - a potion of ambrosia {unknown}
 u - a potion of lignification {unknown}


   Skills:
 + Level 6.1 Fighting
 + Level 5.6 Armour
 - Level 5.0 Shields
 * Level 8.9 Unarmed Combat


You had 8 spell levels left.
You didn't know any spells.
Your spell library contained the following spells:

 Spells                   Type           Power      Damage    Failure   Level
 Freeze                   Ice            0%         1d3       52%         1
 Ensorcelled Hibernation  Hex/Ice        0%         N/A       65%         2
 Frozen Ramparts          Ice            0%         1d1       87%         3
 Fugue of the Fallen      Necr           0%         N/A       87%         3
 Hailstorm                Conj/Ice       0%         3d5       87%         3
 Passwall                 Erth           0%         N/A       87%         3
 Stone Arrow              Conj/Erth      0%         3d7       87%         3
 Swiftness                Air            0%         N/A       87%         3
 Anguish                  Hex/Necr       0%         N/A       99%         4
 Lehudib's Crystal Spear  Conj/Erth      0%         10d2      100%        8
 Animate Armour           Summ/Erth      Unusable   N/A       N/A         4

Dungeon Overview and Level Annotations

Branches:
Dungeon (7/15)             Temple (0/1) D:6          Bailey (1/1)

Altars:
Dithmenos
Okawaru


Innate Abilities, Weirdness & Mutations

You have razor-sharp teeth.
Your natural rate of healing is unusually fast.
When hurt, damage is shared between your health and your magic reserves.
Your bite disrupts and absorbs the magic of your enemies.
Potions cannot restore your health.


Message History

The spriggan completely misses you. You block the spriggan's attack.
You barely miss the spriggan.
The spriggan is heavily wounded.
You block the spriggan's attack. The spriggan closely misses you.
You pummel the spriggan!!
You kill the spriggan!
Okawaru accepts your kill. The ogre barely misses you.
The spriggan barely misses you.
Your base Fighting skill increases to level 6!
Things that are here:
a +0 spear; a spriggan corpse You pummel the ogre!!
The ogre is almost dead.
The ogre completely misses you.
The spriggan hits you from afar with a +0 trident!
You pummel the ogre!!
You kill the ogre!
Okawaru accepts your kill.
You feel like a meek peon again.
The spriggan hits you from afar with a +0 trident.
The spriggan hits you with a +0 trident!
* * * LOW HITPOINT WARNING * * *
You see here a +0 halberd.
You punch the spriggan! Your bite misses the spriggan.
The spriggan is moderately wounded.
You block the spriggan's attack.
You hit the spriggan. Your bite misses the spriggan.
The spriggan is severely wounded.
You miss the spriggan.
The spriggan is severely wounded.
The spriggan hits you with a +0 trident!
* * * LOW HITPOINT WARNING * * *
You barely miss the spriggan.
The spriggan is severely wounded.
The spriggan hits you with a +0 trident.
* * * LOW HITPOINT WARNING * * *
You completely miss the spriggan. Your bite misses the spriggan.
The spriggan is severely wounded.
The spriggan hits you with a +0 trident!
You die...

#########
##.......##
###
##....).)..#
##.##
##..♣##♣###..#
##...## ##..##
..# #.....#
##..## ..#
##.....###..##
.i#
#...∩..~~~.i♣
.#
#......~~~.@#
#
#......~~~.)#
#......~~~.)#
#...∩..~~~..#
##.....###..#
#.....# ##..#
##...## ##..
##.## # ###


You could see a spriggan.

Vanquished Creatures
  Prince Ribbit (D:5)
  Grinder (D:3)
  Sigmund (D:2)
  2 spriggans (Bailey)
  3 water moccasins
  2 centaurs (D:6)
  4 ogres
  A kobold brigand (D:6)
  2 scorpions (D:6)
  A bullfrog (D:6)
  A gnoll sergeant (D:7)
  5 hounds
  3 bombardier beetles
  4 orc priests
  3 orc wizards
  3 iguanas
  Robin (D:2)
  3 gnolls (D:7)
  10 adders
  A shadow imp (D:5)
  A white imp (D:6)
  3 dart slugs
  2 ribbon worms
  16 orcs
  6 ball pythons
  6 bats
  6 endoplasms
  6 giant cockroaches
  14 goblins
  12 hobgoblins
  6 jackals
  9 kobolds
  6 quokkas
  7 frilled lizards
  2 rats (D:1)
154 creatures vanquished.

Notes
Turn   | Place    | Note
-------+----------+-------------------------------------------
     0 | D:1      | Persephone the Vine Stalker Fighter began the quest for the
                  | Orb.
     0 | D:1      | Reached XP level 1. HP: 11/11 MP: 2/2
   298 | D:1      | Reached XP level 2. HP: 16/16 MP: 3/3
   881 | D:1      | Reached XP level 3. HP: 19/19 MP: 4/4
  1528 | D:2      | Noticed Sigmund
  1539 | D:2      | Killed Sigmund
  1540 | D:2      | Reached skill level 3 in Unarmed Combat
  1540 | D:2      | Reached XP level 4. HP: 19/24 MP: 2/5
  1540 | D:2      | Reached XP level 5. HP: 22/28 MP: 2/6
  1649 | D:2      | Reached skill level 4 in Unarmed Combat
  1657 | D:2      | Identified the +0 helmet of the Delicate God {rPois Regen+
                  | Str-4 Int+9}
  1657 | D:2      | Noticed Robin
  1665 | D:2      | Killed Robin
  1674 | D:2      | Reached XP level 6. HP: 32/32 MP: 5/7
  2130 | D:3      | Noticed Grinder
  2141 | D:3      | Paralysed by Grinder for 4 turns
  2151 | D:3      | Killed Grinder
  2302 | D:3      | Found a faded altar of an unknown god.
  2308 | D:3      | Reached XP level 7. HP: 37/37 MP: 8/8
  2708 | D:4      | Reached skill level 5 in Unarmed Combat
  3112 | D:4      | Found an iron altar of Okawaru.
  3153 | D:4      | Became a worshipper of Warmaster Okawaru
  3637 | D:5      | Entered Level 5 of the Dungeon
  3698 | D:5      | Identified the flux talisman of the Shouting Gods {rPois
                  | Str-4 Dex+2 SInv}
  3906 | D:5      | Gained mutation: You have razor-sharp teeth. [Vine Stalker
                  | growth]
  3906 | D:5      | Reached XP level 8. HP: 25/42 MP: 5/9
  3993 | D:5      | Reached skill level 6 in Unarmed Combat
  4148 | D:5      | Noticed Prince Ribbit
  4166 | D:5      | Killed Prince Ribbit
  4166 | D:5      | Reached * piety under Okawaru
  4201 | D:5      | Found a shadowy altar of Dithmenos.
  4314 | D:6      | Found a staircase to the Ecumenical Temple.
  4318 | D:6      | Reached skill level 5 in Shields
  4327 | D:6      | Reached skill level 5 in Fighting
  4327 | D:6      | Reached skill level 7 in Unarmed Combat
  4389 | D:6      | Reached ** piety under Okawaru
  4431 | D:6      | Reached XP level 9. HP: 44/47 MP: 7/10
  4583 | D:6      | Reached skill level 5 in Armour
  4697 | D:6      | Reached skill level 8 in Unarmed Combat
  4985 | D:7      | Found a flagged portal.
  4996 | Bailey   | Entered a bailey
  5063 | Bailey   | Reached *** piety under Okawaru
  5072 | Bailey   | Mangled by a spriggan

Illustrated notes

Levels and vault maps discovered:
D:1:      minmay_arrival_widening_spiral_narrow, layout_basic,
          minmay_pentomino_t4
D:2:      layout_loops_ring, uniq_robin, uniq_sigmund
D:3:      layout_basic, hellmonk_ecumenical_altar_zigzags, uniq_grinder
D:4:      layout_loops_corners, mainiacjoe_overflow_cross_hatched,
          lightli_corner_chamber
D:5:      layout_loops_ring, overflow_temple_1_default, uniq_prince_ribbit1
D:6:      layout_rooms, minmay_temple_entry_crystal_x
D:7:      layout_loops_cross, mainiacjoe_overflow_brackets, enter_bailey_5,
          serial_shops, shop, shop, shop, uniq_crazy_yiuf_cottage
Bailey:   bailey_polearm_enchanted_keep_hellmonk, bailey

Skill      XL: |  1  2  3  4  5  6  7  8  9 |
---------------+----------------------------+-----
Shields        | 3 4 5 |  5.0
Fighting       | 3 4 5 6 |  6.1
Armour         | 3 4 5 |  5.6
Unarmed Combat | 3 4 5 7 8 |  8.9

Action                     |  1- 3 |  4- 6 |  7- 9 || total
---------------------------+-------+-------+-------++-------
  Melee: Unarmed           |   121 |    72 |   337 ||   530
         Bite              |    25 |    18 |    85 ||   128
 Invoke: Heroism           |       |       |     1 ||     1
    Use: Scroll            |     2 |       |     4 ||     6
         Potion            |     1 |       |       ||     1
   Stab: Sleeping          |       |       |     1 ||     1
 Armour: Scale mail        |    42 |       |       ||    42
         Acid dragon scale |    26 |    35 |   226 ||   287
  Dodge: Dodged            |    58 |    32 |   170 ||   260
  Block: Buckler           |    26 |    16 |    80 ||   122

Table legend: (Time is in decaauts)
 A = Elapsed time spent in this place.
 B = Non-inter-level travel time spent in this place.
 C = Inter-level travel time spent in this place.
 D = Time resting spent in this place.
 E = Time spent auto-exploring this place.
 F = Levels seen in this place.
 G = Mean time per level.
                   A        B        C        D        E       F      G
               +--------+--------+--------+--------+--------+-----+--------+
         Total |   5036 |   4787 |    249 |      0 |   3660 |   8 |  629.5 |
       Dungeon |   4962 |   4713 |    249 |      0 |   3647 |   7 |  708.9 |
        Bailey |     74 |     74 |      0 |      0 |     13 |   1 |   74.0 |
               +--------+--------+--------+--------+--------+-----+--------+

Top non-repeatable levels by time:
     D:1: 1214 daAuts
     D:4: 977 daAuts
     D:2: 891 daAuts
     D:5: 661 daAuts
     D:6: 566 daAuts
     D:3: 540 daAuts
     D:7: 111 daAuts
  Bailey: 74 daAuts
